| TOP OF THE 1ST |
|
University of California Golden Bears batting - Pitching for University of Illinois Fighting Illini : RHP Dave Meyer
|
|
Pitching: RHP Dave Meyer
|
|
|
Batting: RHB Timoleon Tsikouna
|
0-0: Ball 1-0: Ball 2-0: Ball 3-0: Base on Balls
|
|
Batting: RHB Ryan Roberts
|
0-0: Ball Timoleon Tsikouna is caught stealing 2nd base 2-4 1-0: Foul Ball, location: 2F 1-1: Swinging Strike 1-2: Ball 2-2: Ball 3-2: Strikes out swinging
|
|
Batting: RHB Tony Harper
|
0-0: Ball 1-0: Fly out, F9 (Flyball, 9D, EV 88.1 MPH)
|
| Top of the 1st over - 0 runs, 0 hits, 0 errors, 0 left on base; University of California 0 - University of Illinois 0 |
| BOTTOM OF THE 1ST |
|
University of Illinois Fighting Illini batting - Pitching for University of California Golden Bears : RHP Felix Carranza
|
|
Pitching: RHP Felix Carranza
|
|
|
Batting: RHB Nick Lombardo
|
0-0: Ball 1-0: Swinging Strike 1-1: Ground out 5-3 (Groundball, 25, EV 80.6 MPH)
|
|
Batting: RHB Justin Teague
|
0-0: Called Strike 0-1: Ball 1-1: Fly out, F9 (Flyball, 9S, EV 91.9 MPH)
|
|
Batting: LHB George Roben
|
0-0: Ball 1-0: Fly out, F6 (Popup, 6S, EV 70.0 MPH)
|
| Bottom of the 1st over - 0 runs, 0 hits, 0 errors, 0 left on base; University of California 0 - University of Illinois 0 |
| TOP OF THE 2ND |
|
University of California Golden Bears batting - Pitching for University of Illinois Fighting Illini : RHP Dave Meyer
|
|
Batting: RHB Tommy Hunter
|
0-0: Called Strike 0-1: Swinging Strike 0-2: Ball 1-2: Ball 2-2: Foul Ball, location: 2F 2-2: Foul Ball, location: 2F 2-2: SOLO HOME RUN (Flyball, 7D, EV 99.4 MPH), Distance : 377 ft
|
|
Batting: RHB Mike Gangi
|
0-0: Fly out, F9 (Flyball, 9D, EV 98.8 MPH)
|
|
Batting: LHB Dean Luttman
|
0-0: Foul Ball, location: 2F 0-1: SOLO HOME RUN (Flyball, 9LD, EV 92.5 MPH), Distance : 335 ft
|
|
Batting: RHB Dan Myers
|
0-0: Called Strike 0-1: Ball 1-1: Foul Ball, location: 2F 1-2: Ground out 4-3 (Groundball, 4, EV 98.1 MPH)
|
|
Batting: SHB Javon Mitchell
|
0-0: Called Strike 0-1: Ground out 4-3 (Groundball, 4M, EV 90.0 MPH)
|
| Top of the 2nd over - 2 runs, 2 hits, 0 errors, 0 left on base; University of California 2 - University of Illinois 0 |
| BOTTOM OF THE 2ND |
|
University of Illinois Fighting Illini batting - Pitching for University of California Golden Bears : RHP Felix Carranza
|
|
Batting: RHB Jose Tovar
|
0-0: Foul Ball, location: 2F 0-1: Foul Ball, location: 2F 0-2: Ball 1-2: Fly out, F3 (Popup, 3F, EV 69.4 MPH)
|
|
Batting: SHB Ryan Buchbinder
|
0-0: Called Strike 0-1: Ball 1-1: SINGLE (Line Drive, 9S, EV 105.6 MPH)
|
|
Batting: SHB Robert Soto
|
0-0: Swinging Strike 0-1: Ground out 5-3 (Groundball, 56S, EV 57.5 MPH) Ryan Buchbinder to second
|
|
Batting: RHB Vinny Torres
|
0-0: Foul Ball, location: 2F 0-1: Foul Ball, location: 2F 0-2: Strikes out swinging
|
| Bottom of the 2nd over - 0 runs, 1 hit, 0 errors, 1 left on base; University of California 2 - University of Illinois 0 |
| TOP OF THE 3RD |
|
University of California Golden Bears batting - Pitching for University of Illinois Fighting Illini : RHP Dave Meyer
|
|
Batting: RHB Rory Cobb
|
0-0: Bunt for hit to 13S - play at first, batter OUT! 1-3
|
|
Batting: RHB Timoleon Tsikouna
|
0-0: Ball 1-0: Ball 2-0: Ball 3-0: Base on Balls
|
|
Batting: RHB Ryan Roberts
|
0-0: Ball 1-0: Ball 2-0: Fly out, F5 (Flyball, 5D, EV 81.2 MPH)
|
|
Batting: RHB Tony Harper
|
0-0: Swinging Strike 0-1: Swinging Strike 0-2: Ball 1-2: Ball 2-2: Ball 3-2: Foul Ball, location: 2F 3-2: Strikes out looking
|
| Top of the 3rd over - 0 runs, 0 hits, 0 errors, 1 left on base; University of California 2 - University of Illinois 0 |
| BOTTOM OF THE 3RD |
|
University of Illinois Fighting Illini batting - Pitching for University of California Golden Bears : RHP Felix Carranza
|
|
Batting: RHB Raul Franco
|
0-0: Called Strike 0-1: Foul Ball, location: 2F 0-2: Ball 1-2: Ground out 6-3 (Groundball, 6, EV 87.5 MPH)
|
|
Batting: RHB Yankel Pensak
|
0-0: Ball 1-0: Fly out, F6 (Flyball, 6D, EV 88.1 MPH)
|
|
Batting: RHB Nick Lombardo
|
0-0: Ball 1-0: Ball 2-0: Ball 3-0: Called Strike 3-1: Swinging Strike 3-2: Base on Balls
|
|
Batting: RHB Justin Teague
|
0-0: SINGLE (Line Drive, 4M, EV 104.4 MPH) Nick Lombardo to second
|
|
Batting: LHB George Roben
|
0-0: Ball 1-0: Swinging Strike 1-1: SINGLE (Flyball, 5D, EV 96.2 MPH) Nick Lombardo to third Justin Teague to second Runner from 3rd tries for Home, throw by LF and OUT! 7-2
|
| Bottom of the 3rd over - 0 runs, 2 hits, 0 errors, 2 left on base; University of California 2 - University of Illinois 0 |
| TOP OF THE 4TH |
|
University of California Golden Bears batting - Pitching for University of Illinois Fighting Illini : RHP Dave Meyer
|
|
Batting: RHB Tommy Hunter
|
0-0: Ball 1-0: SINGLE (Groundball, 56D, EV 95.0 MPH)
|
|
Batting: RHB Mike Gangi
|
0-0: Ball 1-0: Foul Ball, location: 2F 1-1: SINGLE (Flyball, 8LS, EV 90.0 MPH) Tommy Hunter to second
|
|
Batting: LHB Dean Luttman
|
0-0: Fly out, F8 (Flyball, 8LXD, EV 100.6 MPH) Runner from 2nd tags up, SAFE at 3rd, no throw by CF
|
|
Batting: RHB Dan Myers
|
0-0: Fly out, F8 (Line Drive, 8RD, EV 105.6 MPH) Runner from 3rd tags up, SCORES, throw by CF
|
|
Batting: SHB Javon Mitchell
|
0-0: Ground out 4-3 (Groundball, 4, EV 99.4 MPH)
|
| Top of the 4th over - 1 run, 2 hits, 0 errors, 1 left on base; University of California 3 - University of Illinois 0 |
| BOTTOM OF THE 4TH |
|
University of Illinois Fighting Illini batting - Pitching for University of California Golden Bears : RHP Felix Carranza
|
|
Batting: RHB Jose Tovar
|
0-0: Called Strike 0-1: Called Strike 0-2: Strikes out swinging, 2-3 out at first.
|
|
Batting: SHB Ryan Buchbinder
|
0-0: Called Strike 0-1: Ball 1-1: Ball 2-1: Foul Ball, location: 2F 2-2: Ball 3-2: Fly out, F8 (Flyball, 8LXD, EV 102.5 MPH)
|
|
Batting: SHB Robert Soto
|
0-0: Ball 1-0: Foul Ball, location: 2F 1-1: Ball 2-1: Ground out U3 (Groundball, 3, EV 105.0 MPH)
|
| Bottom of the 4th over - 0 runs, 0 hits, 0 errors, 0 left on base; University of California 3 - University of Illinois 0 |
| TOP OF THE 5TH |
|
University of California Golden Bears batting - Pitching for University of Illinois Fighting Illini : RHP Dave Meyer
|
|
Batting: RHB Rory Cobb
|
0-0: Called Strike 0-1: Ball 1-1: Ball 2-1: Ball 3-1: Base on Balls
|
|
Batting: RHB Timoleon Tsikouna
|
0-0: Foul Ball, location: 2F 0-1: Foul Ball, location: 2F 0-2: Ball 1-2: Ball 2-2: Foul Ball, location: 2F 2-2: SINGLE (Groundball, 56D, EV 105.0 MPH) Rory Cobb to second
|
|
Batting: RHB Ryan Roberts
|
0-0: Ball 1-0: Called Strike 1-1: Called Strike 1-2: Fielders Choice at 2nd, 6-4 (Groundball, 6, EV 95.6 MPH) Rory Cobb to third
|
|
Pitching: RHP Lazaro Ramirez
|
|
|
Batting: RHB Tony Harper
|
0-0: Foul Ball, location: 2F 0-1: Swinging Strike 0-2: Ball 1-2: SINGLE (Groundball, 6MD, EV 101.2 MPH) Rory Cobb scores Ryan Roberts to second
|
|
Batting: RHB Tommy Hunter
|
0-0: Called Strike 0-1: Ball 1-1: Ball 2-1: Foul Ball, location: 2F 2-2: Ball 3-2: Base on Balls Ryan Roberts to third Tony Harper to second
|
|
Batting: RHB Mike Gangi
|
0-0: Called Strike 0-1: Foul Ball, location: 2F 0-2: Ball 1-2: Grounds into double play, 5-4-3 (Groundball, 56, EV 86.9 MPH)
|
| Top of the 5th over - 1 run, 2 hits, 0 errors, 2 left on base; University of California 4 - University of Illinois 0 |
| BOTTOM OF THE 5TH |
|
University of Illinois Fighting Illini batting - Pitching for University of California Golden Bears : RHP Felix Carranza
|
|
Batting: RHB Vinny Torres
|
0-0: Ball 1-0: Ball 2-0: Swinging Strike 2-1: Ball 3-1: Base on Balls
|
|
Batting: RHB Raul Franco
|
0-0: Ball 1-0: Grounds into double play, 6-4-3 (Groundball, 56, EV 88.1 MPH)
|
|
Batting: RHB Yankel Pensak
|
0-0: Fly out, F7 (Line Drive, 7, EV 106.2 MPH)
|
| Bottom of the 5th over - 0 runs, 0 hits, 0 errors, 0 left on base; University of California 4 - University of Illinois 0 |
| TOP OF THE 6TH |
|
University of California Golden Bears batting - Pitching for University of Illinois Fighting Illini : RHP Lazaro Ramirez
|
|
Batting: LHB Dean Luttman
|
0-0: Hit by Pitch
|
|
Batting: RHB Dan Myers
|
0-0: Called Strike 0-1: Ball 1-1: Ball 2-1: Fly out, F8 (Flyball, 89D, EV 95.6 MPH)
|
|
Batting: SHB Javon Mitchell
|
0-0: Ball 1-0: Swinging Strike 1-1: Ball 2-1: Ball 3-1: Called Strike 3-2: Strikes out swinging
|
|
Batting: RHB Rory Cobb
|
0-0: Ball 1-0: Swinging Strike 1-1: Hit by Pitch Dean Luttman to second
|
|
Pitching: RHP Lazaro Vasquez
|
|
|
Batting: RHB Timoleon Tsikouna
|
0-0: Ball 1-0: Swinging Strike 1-1: Ball 2-1: Foul Ball, location: 2F 2-2: Ball 3-2: Foul Ball, location: 2F 3-2: Base on Balls Dean Luttman to third Rory Cobb to second
|
|
Batting: RHB Ryan Roberts
|
0-0: Ball 1-0: Ball 2-0: Ball 3-0: Base on Balls Dean Luttman scores Rory Cobb to third Timoleon Tsikouna to second
|
|
Batting: RHB Tony Harper
|
0-0: Ball 1-0: Ball 2-0: Ball 3-0: Base on Balls Rory Cobb scores Timoleon Tsikouna to third Ryan Roberts to second
|
|
Batting: RHB Tommy Hunter
|
0-0: Ball 1-0: Swinging Strike 1-1: Foul Ball, location: 2F 1-2: Fly out, F8 (Flyball, 8LXD, EV 99.4 MPH)
|
| Top of the 6th over - 2 runs, 0 hits, 0 errors, 3 left on base; University of California 6 - University of Illinois 0 |
| BOTTOM OF THE 6TH |
|
University of Illinois Fighting Illini batting - Pitching for University of California Golden Bears : RHP Felix Carranza
|
|
Batting: RHB Nick Lombardo
|
0-0: Called Strike 0-1: Foul Ball, location: 2F 0-2: Ground out 4-3 (Groundball, 4M, EV 93.8 MPH)
|
|
Batting: RHB Justin Teague
|
0-0: Called Strike 0-1: Foul Ball, location: 2F 0-2: Ball 1-2: SOLO HOME RUN (Flyball, 7D, EV 98.1 MPH), Distance : 386 ft
|
|
Batting: LHB George Roben
|
0-0: Called Strike 0-1: Ball 1-1: Ball 2-1: Ground out 4-3 (Groundball, 4, EV 87.5 MPH)
|
|
Batting: RHB Jose Tovar
|
0-0: Called Strike 0-1: Ball 1-1: Ball 2-1: Ball 3-1: Foul Ball, location: 2F 3-2: Strikes out swinging
|
| Bottom of the 6th over - 1 run, 1 hit, 0 errors, 0 left on base; University of California 6 - University of Illinois 1 |
| TOP OF THE 7TH |
|
University of California Golden Bears batting - Pitching for University of Illinois Fighting Illini : RHP Lazaro Vasquez
|
|
Batting: RHB Mike Gangi
|
0-0: Ball 1-0: Foul Ball, location: 2F 1-1: SOLO HOME RUN (Line Drive, 9D, EV 95.0 MPH), Distance : 371 ft
|
|
Batting: LHB Dean Luttman
|
0-0: Called Strike 0-1: Fly out, F3 (Flyball, 3D, EV 84.4 MPH)
|
|
Batting: RHB Dan Myers
|
0-0: Ball 1-0: Fly out, F8 (Flyball, 8RXD, EV 98.1 MPH)
|
|
Batting: SHB Javon Mitchell
|
0-0: Swinging Strike 0-1: Ball 1-1: Ball 2-1: Ball 3-1: Fly out, F9 (Flyball, 9D, EV 89.4 MPH)
|
| Top of the 7th over - 1 run, 1 hit, 0 errors, 0 left on base; University of California 7 - University of Illinois 1 |
| BOTTOM OF THE 7TH |
|
University of Illinois Fighting Illini batting - Pitching for University of California Golden Bears : RHP Felix Carranza
|
|
Batting: SHB Ryan Buchbinder
|
0-0: Foul Ball, location: 2F 0-1: Fly out, F2 (Popup, 2R, EV 95.6 MPH)
|
|
Pitching: RHP Miguel Montelongo
|
|
|
Batting: SHB Robert Soto
|
0-0: Swinging Strike 0-1: Hit by Pitch
|
|
Batting: RHB Vinny Torres
|
0-0: Fly out, F9 (Line Drive, 9D, EV 86.2 MPH)
|
|
Batting: RHB Raul Franco
|
0-0: Ball 1-0: Ground out 6-3 (Groundball, 56, EV 101.2 MPH)
|
| Bottom of the 7th over - 0 runs, 0 hits, 0 errors, 1 left on base; University of California 7 - University of Illinois 1 |
| TOP OF THE 8TH |
|
University of California Golden Bears batting - Pitching for University of Illinois Fighting Illini : RHP Lazaro Vasquez
|
|
Batting: RHB Rory Cobb
|
0-0: Ground out 4-3 (Groundball, 4, EV 91.9 MPH)
|
|
Pitching: RHP Leon Gadsden
|
|
|
Batting: RHB Timoleon Tsikouna
|
0-0: Swinging Strike 0-1: Called Strike 0-2: Strikes out swinging
|
|
Batting: RHB Ryan Roberts
|
0-0: Fly out, F9 (Flyball, 9LS, EV 81.9 MPH)
|
| Top of the 8th over - 0 runs, 0 hits, 0 errors, 0 left on base; University of California 7 - University of Illinois 1 |
| BOTTOM OF THE 8TH |
|
University of Illinois Fighting Illini batting - Pitching for University of California Golden Bears : RHP Miguel Montelongo
|
|
Batting: RHB Yankel Pensak
|
0-0: Ball 1-0: Ball 2-0: Ball 3-0: Called Strike 3-1: SOLO HOME RUN (Flyball, 89XD, EV 100.6 MPH), Distance : 414 ft
|
|
Batting: RHB Nick Lombardo
|
0-0: Called Strike 0-1: Ball 1-1: SINGLE (Flyball, 3D, EV 95.6 MPH)
|
|
Batting: RHB Justin Teague
|
0-0: Called Strike 0-1: Ball 1-1: Grounds into double play, 6-4-3 (Groundball, 6, EV 80.0 MPH)
|
|
Batting: LHB George Roben
|
0-0: Ball 1-0: Ball 2-0: Ball 3-0: Called Strike 3-1: Fly out, F9 (Flyball, 89S, EV 89.4 MPH)
|
| Bottom of the 8th over - 1 run, 2 hits, 0 errors, 0 left on base; University of California 7 - University of Illinois 2 |
| TOP OF THE 9TH |
|
University of California Golden Bears batting - Pitching for University of Illinois Fighting Illini : RHP Leon Gadsden
|
|
Batting: RHB Tony Harper
|
0-0: Ball 1-0: Ball 2-0: Ball 3-0: Base on Balls
|
|
Batting: RHB Tommy Hunter
|
0-0: Called Strike 0-1: Foul Ball, location: 2F 0-2: Ball 1-2: Ball 2-2: Fly out, F9 (Flyball, 9S, EV 89.4 MPH)
|
|
Batting: RHB Mike Gangi
|
0-0: Ball 1-0: Ball 2-0: Foul Ball, location: 2F 2-1: SINGLE (Groundball, 34D, EV 103.8 MPH) Tony Harper to second Runner from 2nd tries for 3rd, SAFE, throw by RF made to third
|
|
Batting: LHB Dean Luttman
|
0-0: 3-RUN HOME RUN (Flyball, 9D, EV 97.5 MPH), Distance : 373 ft
|
|
Batting: RHB Dan Myers
|
0-0: Called Strike 0-1: Ball 1-1: Called Strike 1-2: Fly out, F8 (Flyball, 89XD, EV 91.9 MPH)
|
|
Batting: SHB Javon Mitchell
|
0-0: Ball 1-0: SINGLE (Line Drive, 7S, EV 95.6 MPH)
|
|
Batting: RHB Rory Cobb
|
0-0: Ball 1-0: Ball 2-0: Foul Ball, location: 2F 2-1: Ball 3-1: Called Strike 3-2: Foul Ball, location: 2F 3-2: Single, Error in OF, E9, batter to second base (Groundball, 34D, EV 101.2 MPH) Javon Mitchell to third
|
|
Pitching: RHP Victor Cisneros
|
|
|
Batting: RHB Timoleon Tsikouna
|
0-0: Called Strike 0-1: Ball 1-1: Ground out 4-3 (Groundball, 4, EV 97.5 MPH)
|
| Top of the 9th over - 3 runs, 4 hits, 1 error, 2 left on base; University of California 10 - University of Illinois 2 |
| BOTTOM OF THE 9TH |
|
University of Illinois Fighting Illini batting - Pitching for University of California Golden Bears : RHP Miguel Montelongo
|
|
Batting: RHB Jose Tovar
|
0-0: Ball 1-0: Ball 2-0: Ball 3-0: Called Strike 3-1: Base on Balls
|
|
Pitching: RHP Jordan Viveros
|
|
|
Batting: SHB Ryan Buchbinder
|
0-0: Ball 1-0: Foul Ball, location: 2F 1-1: Ball 2-1: Ball 3-1: Foul Ball, location: 2F 3-2: Base on Balls Jose Tovar to second
|
|
Batting: SHB Robert Soto
|
0-0: Called Strike 0-1: Ball 1-1: Called Strike 1-2: Strikes out swinging
|
|
Pinch Hitting: RHB Chris McGuirk
|
0-0: Foul Ball, location: 2F 0-1: Foul Ball, location: 2F 0-2: Strikes out swinging
|
|
Pinch Hitting: RHB Eric Brandenburg
|
0-0: Ball 1-0: Ball 2-0: 3-RUN HOME RUN (Flyball, 78XD, EV 106.9 MPH), Distance : 434 ft
|
|
Pinch Hitting: RHB Nick Delisle
|
0-0: Ball 1-0: Fly out, F8 (Flyball, 89M, EV 88.8 MPH)
|
| Bottom of the 9th over - 3 runs, 1 hit, 0 errors, 0 left on base; University of California 10 - University of Illinois 5 |
|